 Dungeon Crawl Stone Soup version 0.18-a0-1507-g69458e0 (webtiles) character file.

155 GrosslyIncandescent the Insei (level 5, 0/42 HPs)
             Began as a Mummy Monk on Mar 5, 2016.
             Killed from afar by an orc wizard (8 damage)
             ... with a magic dart
             ... on level 3 of the Dungeon.
             The game lasted 00:04:46 (2977 turns).

GrosslyIncandescent the Insei (Mummy Monk)          Turns: 2977, Time: 00:04:47

Health: 0/42       AC:  0    Str: 14    XL:     5   Next: 14%
Magic:  5/5        EV: 13    Int: 10    God:
Gold:   135        SH:  0    Dex: 15    Spells: 0 memorised, 4 levels left

rFire  x . .     SeeInvis .       - Unarmed
rCold  + . .     Gourm    .     (no armour)
rNeg   + + +     Faith    .     (no shield)
rPois  ∞         Spirit   .     (no helmet)
rElec  .         Dismiss  .     (no cloak)
rCorr  .         Reflect  .     (no gloves)
SustAt .         Harm     .     (no boots)
MR     .....                    d - amulet of regeneration (curse)
Stlth  ++........               (no ring)
                                (no ring)

@: not resistant to hostile enchantments, unstealthy
A: no food or potions, fire vulnerability, cold resistance 1, negative energy
resistance 3, torment resistance, unbreathing
a: no special abilities


You were on level 3 of the Dungeon.
You were not hungry.

You visited 1 branch of the dungeon, and saw 3 of its levels.

You collected 135 gold pieces.


Innate Abilities, Weirdness & Mutations

You do not eat or drink.
Your flesh is vulnerable to fire.
You are immune to poison.
Your flesh is cold resistant.
You are immune to negative energy.
You are immune to unholy pain and torment.
You can survive without breathing.


   Skills:
 + Level 3.8 Fighting
 - Level 2.4 Dodging
 - Level 1.5 Stealth
 - Level 5.0 Unarmed Combat


You had 4 spell levels left.
You didn't know any spells.

Inventory:

Missiles
 b - 7 curare-tipped needles {=f}
 c - 5 large rocks (quivered) {=f}
Magical Staves
 f - an uncursed staff of energy {unknown}
Jewellery
 d - a cursed amulet of regeneration (around neck)
 m - an uncursed ring of magical power {unknown}
Scrolls
 a - 3 scrolls of amnesia {unknown}
 e - a scroll of random uselessness {unknown}
 g - 2 scrolls of remove curse {unknown}
 h - a scroll of immolation {unknown}
 i - 2 scrolls of identify {unknown}
 j - a scroll of enchant armour {unknown}
 k - a scroll of blinking {unknown}
 l - a scroll of teleportation {unknown}

Dungeon Overview and Level Annotations

Branches:
Dungeon (3/15)

Altars:
Dithmenos
Gozag
Nemelex Xobeh
Yredelemnul

Annotations:
D:2 exclusion: downstairs

▒..................▒▒▒▒.▒▒.▒
▒...▒.............▒▒▒▒..▒▒.▒
▒...▒▒▒...........▒▒▒..▒▒▒.▒
.................▒▒▒..▒▒ ▒.▒
....▒▒▒▒.........▒▒..▒▒ ▒.▒
....▒ ▒.........▒▒.▒▒
▒▒.▒▒▒▒ ....▒ ▒..........).▒
▒▒.....▒ ....▒▒
▒▒▒........▒▒▒ ▒..▒▒▒.▒
▒▒▒..▒▒▒▒...o...M...▒▒▒▒.▒▒
▒.▒
▒................o...▒▒..▒
▒.▒
......▒........>........▒▒
▒[▒
▒....o▒.▒▒............▒▒▒▒
▒▒▒
.........[....▒r▒.▒......▒
▒>▒
▒.................▒......▒
...
..................).)....▒
.....
▒....▒▒▒▒.........)......▒
▒....▒ ▒.)..............▒


You could see 2 orc wizards and a rat.


Message History

The orc wizard gestures at you while chanting!
You resist with some effort!
You squash the orc wizard like an ant!
The orc wizard is lightly wounded!
The orc wizard casts a spell at you! The puff of flame hits you!!!
The fire burns you terribly!!! * * * don't die
* * * The orc wizard miscasts a cantrip!
A rat comes into view!
You pummel the orc wizard like a punching bag!
The orc wizard is moderately wounded!
The orc wizard points at you and mumbles some strange words!
The puff of frost hits you!!! You resist! * * * don't die
* * * You pummel the orc wizard but do no damage!
You punch the orc wizard, but do no damage!
The orc wizard is moderately wounded!
The orc wizard hits you with a staff of conjuration! * * * don't die
* * * You beat the orc wizard into a bloody pulp!
The orc wizard is heavily wounded!
The orc wizard closely misses you!
The orc wizard points at you and mumbles some strange words!
The magic dart hits you!!! * * * don't die
* * * You closely miss the orc wizard!
The orc wizard is heavily wounded!
The orc wizard gestures at you while chanting!
The magic dart hits you!!! rip

Action                   |  1- 3 |  4- 6 || total
-------------------------+-------+-------++-------
Melee: Unarmed           |   154 |   133 ||   287
 Stab: Sleeping          |     3 |     5 ||     8

Vault maps used:
D:1:      sevenhm_arrival_forest_fort_large_2, nemelex_deck
D:3:      grunt_temple_overflow_opulence, yredelemnul_forgotten_temple_becter,
          nicolae_overflow_hidden_temple, grunt_dithmenos_smoke

Notes
Turn   | Place    | Note
--------------------------------------------------------------
     0 | D:1      | GrosslyIncandescent the Mummy Monk began the quest for the Orb.
     0 | D:1      | Reached XP level 1. HP: 18/18 MP: 1/1
   192 | D:1      | HP: 1/18 [giant cockroach (2)]
   569 | D:1      | Reached XP level 2. HP: 24/24 MP: 2/2
   616 | D:1      | Found a sparkling altar of Nemelex Xobeh.
   901 | D:1      | Reached skill level 4 in Unarmed Combat
  1034 | D:1      | Reached XP level 3. HP: 27/29 MP: 3/3
  1791 | D:2      | Reached XP level 4. HP: 21/35 MP: 4/4
  2239 | D:3      | Reached skill level 5 in Unarmed Combat
  2367 | D:3      | Found a shadowy altar of Dithmenos.
  2511 | D:3      | Reached XP level 5. HP: 12/41 MP: 5/5
  2584 | D:3      | Found a basalt altar of Yredelemnul.
  2650 | D:3      | Found a shadowy altar of Dithmenos.
  2757 | D:3      | Found a sparkling altar of Nemelex Xobeh.
  2757 | D:3      | Found an opulent altar of Gozag.
  2977 | D:3      | Killed from afar by an orc wizard

Vanquished Creatures
  An orc wizard (D:3)
  5 adders
  An ooze (D:1)
  2 worms (D:2)
  A dart slug (D:1)
  A giant gecko (D:3)
  6 orcs
  A ball python (D:2)
  8 bats
  3 giant cockroaches (D:1)
  9 hobgoblins
  9 kobolds
  4 giant newts
  8 goblins
  12 rats
  A spectral orc (D:3)
72 creatures vanquished.
